 Dungeon Crawl Stone Soup version 0.24-a0-446-g87df720 (webtiles) character file.

Game seed: 10697936307054414892

132 pkoi the Conjurer (level 4, -7/33 HPs)
             Began as a Draconian Conjurer on June 24, 2019.
             Was an Initiate of Ashenzari.
             Killed from afar by an orc wizard (8 damage)
             ... with a puff of flame
             ... on level 3 of the Dungeon.
             The game lasted 00:06:58 (2982 turns).

pkoi the Conjurer (Draconian Conjurer)              Turns: 2982, Time: 00:06:59

Health: -7/33      AC:  5    Str: 10    XL:     4   Next: 92%
Magic:  3/7        EV: 12    Int: 16    God:    Ashenzari [......]
Gold:   92         SH:  0    Dex: 12    Spells: 1/7 levels left

rFire    . . .     SeeInvis .   d - +1 dagger (pain)
rCold    . . .     Gourm    .   (no shield)
rNeg     . . .     Faith    .   (armour unavailable)
rPois    .         Spirit   .   (helmet restricted)
rElec    .         Reflect  .   (no cloak)
rCorr    .         Harm     .   (no gloves)
MR       .....                  (no boots)
Stlth    ++........             (no amulet)
HPRegen  0.11/turn              i - ring of wizardry (curse)
MPRegen  0.10/turn              (no ring)

@: hasted, very quick
A: unfitting armour, cold-blooded, AC +5
a: Curse Item, Renounce Religion


You were on level 3 of the Dungeon.
You worshipped Ashenzari.
Ashenzari was noncommittal.
You were not hungry.

You visited 1 branch of the dungeon, and saw 3 of its levels.

You collected 92 gold pieces.

Inventory:

Hand Weapons
 d - a +1 dagger of pain (weapon)
 f - a +0 dagger
Armour
 c - a scarf of spirit shield
Jewellery
 g - an uncursed ring of protection from fire
 h - a +4 ring of dexterity
 i - a cursed ring of wizardry (left hand)
Scrolls
 e - 4 scrolls of identify
 j - a scroll of remove curse
 l - 4 scrolls of teleportation
Comestibles
 b - 6 rations
 m - 5 chunks of flesh


   Skills:
 - Level 1.7 Dodging
 - Level 1.7 Stealth
 - Level 2.0 Spellcasting
 + Level 6.2 Conjurations
 + Level 0.1 Hexes


You had one spell level left.
You knew the following spells:

 Your Spells              Type           Power        Failure   Level  Hunger
a - Magic Dart            Conj           ###.         1%          1    #......
b - Searing Ray           Conj           ###...       1%          2    ###....
c - Dazzling Spray        Conj/Hex       ##....       7%          3    ###....

Your spell library contained the following spells:

 Spells                   Type           Power        Failure   Level  Hunger
 Iskenderun's Mystic Bla  Conj           ###.....     6%          4    #####..
 Force Lance              Conj/Tloc      ##......     22%         4    #####..
 Fulminant Prism          Conj/Hex       ##........   22%         4    #####..


Dungeon Overview and Level Annotations

Branches:
Dungeon (3/15)

Altars:
Ashenzari
Zin


Innate Abilities, Weirdness & Mutations

Your plain brown scales are hard. (AC +5)
You cannot fit into any form of body armour.
You are cold-blooded and may be slowed by cold attacks.


Message History

The orc wizard casts a spell at you. The puff of frost hits you!
* * * LOW HITPOINT WARNING * * *
Something hits you.
* * * LOW HITPOINT WARNING * * *
You miss the orc wizard.
You tail-slap the orc wizard, but do no damage.
The orc wizard is severely wounded.
The orc wizard gestures wildly while chanting.
The orc wizard seems to speed up.
Unknown command.
You closely miss the orc wizard.
The orc wizard is severely wounded.
Something hits you but does no damage. The orc wizard barely misses you.
Unknown command.
You see here a stone.
Unknown command.
The orc wizard gestures at you while chanting.
The puff of flame hits you!
You die...

#......##....##........
#.....#.##.)##.#......# #.
#....#.#.#..#.#.#.....# #.#
#....##.#.(..#.##..... #.#
#...#.##......##.#.. #.#
#..#.#..(.......#)# #
##.####..##†.(..o......##..#
##...##..#.÷.)(.o(........#.#
#.....)......((.@.........(.#
##...##...######............#
#..####### #.############
#..# #.# #..# #.# #..# #.#
##.<############.###
...........<.......#
##..############.#.#


You could see an orc wizard and an orc.

Vanquished Creatures
  An orc priest (D:3)
  2 adders (D:2)
  2 oozes
  3 worms
  2 dart slugs (D:2)
  6 orcs
  9 bats
  2 giant cockroaches
  5 goblins
  5 hobgoblins
  4 jackals (D:1)
  4 kobolds
  A ball python (D:3)
  6 frilled lizards
  7 rats
59 creatures vanquished.

Notes
Turn   | Place    | Note
-------+----------+-------------------------------------------
     0 | D:1      | pkoi the Draconian Conjurer began the quest for the Orb.
     0 | D:1      | Reached XP level 1. HP: 14/14 MP: 3/3
   178 | D:1      | Reached XP level 2. HP: 20/20 MP: 0/5
   959 | D:2      | Reached skill level 5 in Conjurations
   992 | D:2      | Reached XP level 3. HP: 26/26 MP: 1/6
  1441 | D:2      | Found a shattered altar of Ashenzari.
  1628 | D:2      | Became a worshipper of Ashenzari the Shackled
  1752 | D:2      | Learned a level 2 spell: Searing Ray
  1882 | D:2      | Reached XP level 4. HP: 9/33 MP: 2/7
  2538 | D:3      | Reached skill level 6 in Conjurations
  2704 | D:3      | Found a glowing silver altar of Zin.
  2818 | D:3      | Learned a level 3 spell: Dazzling Spray
  2970 | D:3      | HP: 1/33 [orc wizard/magic dart (9)]
  2977 | D:3      | HP: 1/33 [something (5)]
  2982 | D:3      | Killed from afar by an orc wizard

Levels and vault maps discovered:
D:1:      elethiomel_arrival_maze, layout_basic
D:2:      layout_basic, evilmike_ruin_ashenzari, first_ration
D:3:      layout_loops_ring, lemuel_crystal_altar,
          minmay_misc_feat_secret_circle

Skill      XL: |  1  2  3  4 |
---------------+-------------+-----
Conjurations   | 5 6 |  6.2
Dodging        | |  1.7
Stealth        | |  1.7
Spellcasting   | |  2.0
Hexes          | |  0.1

Action                   |  1- 3 |  4- 6 || total
-------------------------+-------+-------++-------
Melee: Unarmed           |    37 |       ||    37
       Tailslap          |    11 |     8 ||    19
       Dagger            |    42 |    30 ||    72
 Cast: Magic Dart        |    93 |    41 ||   134
       Searing Ray       |       |     2 ||     2
Invok: Curse Item        |     1 |       ||     1
  Use: Potion            |     2 |     3 ||     5
       Scroll            |     1 |     4 ||     5
 Stab: Sleeping          |       |     3 ||     3
  Eat: Chunk             |     5 |     4 ||     9
Armor: Skin              |    20 |    11 ||    31
Dodge: Dodged            |    48 |    20 ||    68

Table legend:
 A = Non-vault XP
 B = Vault XP
 C = Vault XP percentage of total XP
 D = Non-vault monster count
 E = Vault monster count
 F = Vault count percentage of total count
                 A         B        C        D         E       F
            +---------+---------+-------+---------+---------+-------
      Total |     189 |       0 |   0.0 |      59 |       0 |   0.0
            +---------+---------+-------+---------+---------+-------
        D:1 |      43 |       0 |   0.0 |      21 |       0 |   0.0
        D:2 |      81 |       0 |   0.0 |      26 |       0 |   0.0
        D:3 |      65 |       0 |   0.0 |      12 |       0 |   0.0
            +---------+---------+-------+---------+---------+-------
